 Dungeon Crawl Stone Soup version 0.24-a0-228-g05560da (webtiles) character file.

Game seed: 17807000431189887550

128 technobutter the Shield-Bearer (level 5, -2/46 HPs)
             Began as a Hill Orc Fighter on Apr 2, 2019.
             Slain by an iguana (10 damage)
             ... on level 4 of the Dungeon.
             The game lasted 00:10:58 (2433 turns).

technobutter the Shield-Bearer (Hill Orc Fighter)   Turns: 2433, Time: 00:10:59

Health: -2/46      AC:  9    Str: 20    XL:     5   Next: 11%
Magic:  5/5        EV:  9    Int:  8    God:
Gold:   133        SH:  9    Dex: 10    Spells: 4/4 levels left

rFire    . . .     SeeInvis .   a - +1 flail
rCold    . . .     Gourm    .   c - +0 shield
rNeg     . . .     Faith    .   e - +1 ring mail {rPois}
rPois    +         Spirit   .   k - +0 helmet
rElec    .         Reflect  .   (no cloak)
rCorr    .         Harm     .   h - +0 pair of gloves
MR       .....                  (no boots)
Stlth    ..........             (no amulet)
HPRegen  0.15/turn              (no ring)
MPRegen  0.09/turn              (no ring)

@: no status effects
A: no striking features
a: no special abilities


You were on level 4 of the Dungeon.
You were not hungry.

You visited 1 branch of the dungeon, and saw 4 of its levels.

You collected 133 gold pieces.

Inventory:

Hand Weapons
 a - a +1 flail (weapon)
 q - the cursed +1 hand axe "Bacricej" {freeze, rC+, unknown}
   (You found it on level 4 of the Dungeon)

   It has been specially enchanted to freeze those struck by it, causing extra
   injury to most foes and up to half again as much damage against particularly
   susceptible opponents.
   It can also slow down cold-blooded creatures.
   It protects you from cold.
   It has a curse placed upon it.
Armour
 b - a +0 scale mail
 c - a +0 shield (worn)
 e - a +1 ring mail of poison resistance (worn)
 h - a +0 pair of gloves (worn)
 k - a +0 helmet (worn)
Jewellery
 o - an uncursed ring of poison resistance {unknown}
Scrolls
 i - 3 scrolls of enchant weapon
 l - 2 scrolls of amnesia
 m - a scroll of teleportation {unknown}
 n - 3 scrolls of identify
Potions
 d - a potion of might
 g - 5 potions of curing {unknown}
 j - a potion of flight {unknown}
 p - a potion of agility {unknown}
Comestibles
 f - 5 rations


   Skills:
 + Level 4.0 Fighting
 + Level 3.5 Maces & Flails
 + Level 3.8 Armour
 + Level 1.3 Dodging
 + Level 4.3 Shields


You had 4 spell levels left.
You didn't know any spells.
Your spell library was empty.

Dungeon Overview and Level Annotations

Branches:
Dungeon (4/15)
 Temple: D:4-7

Altars:


Message History

The iguana barely misses you.
You barely miss the phantom.
The phantom is heavily damaged.
The phantom hits you.
The phantom blinks!
You block the iguana's attack.
The iguana bites you but does no damage.
The iguana bites you.
* * * LOW HITPOINT WARNING * * *
You hit the iguana.
The iguana is moderately wounded.
You block the iguana's attack.
You barely miss the iguana.
The iguana is moderately wounded.
The iguana bites you.
* * * LOW HITPOINT WARNING * * *
The phantom blinks!
You barely miss the iguana.
The iguana is moderately wounded.
You block the iguana's attack. The iguana bites you!
You die...

..#.#.#.#.# ..
...#.........###..
.....#.#.#.#.#....
.......(..........
.....#.#.#.#......
#..............#
#.#..#.#.#.#...###
##..#.....l...W.... #
##.....?....@###....
#.#......#...........#
.........##...........
.......<.##.........<.
#.....................
...##..............#.#
#.$................# .
...##..............#
.. #.....$........#


You could see a phantom and an iguana.

Vanquished Creatures
  7 adders
  An ooze (D:1)
  2 worms
  2 dart slugs
  A leopard gecko (D:1)
  4 giant cockroaches (D:1)
  6 goblins
  3 hobgoblins
  5 ball pythons
  6 bats
  4 frilled lizards
  8 kobolds
  5 rats
54 creatures vanquished.

Notes
Turn   | Place    | Note
-------+----------+-------------------------------------------
     0 | D:1      | technobutter the Hill Orc Fighter began the quest for the
                  | Orb.
     0 | D:1      | Reached XP level 1. HP: 19/19 MP: 1/1
   355 | D:2      | Reached XP level 2. HP: 26/27 MP: 2/2
   572 | D:1      | Reached XP level 3. HP: 28/33 MP: 3/3
  1296 | D:2      | Reached XP level 4. HP: 33/40 MP: 4/4
  1553 | D:2      | Reached skill level 1 in Dodging
  2281 | D:3      | Reached XP level 5. HP: 42/46 MP: 5/5
  2401 | D:4      | Noticed a phantom
  2408 | D:4      | Got a jewelled hand axe
  2433 | D:4      | Slain by an iguana

Levels and vault maps discovered:
D:1:      giann_bridges, layout_basic, minmay_pentomino_s4
D:2:      layout_basic, first_ration, minmay_increasing_density
D:3:      layout_basic, minmay_misc_feat_diagonals, uniq_natasha
D:4:      layout_cave_pools, serial_glass, glass_columns_b, glass_columns_b,
          glass_columns_a, glass_columns_c, glass_columns_b, glass_columns_c,
          glass_columns_a, glass_columns_a, glass_columns_a, glass_columns_a,
          glass_columns_b, glass_columns_b, glass_columns_c, glass_columns_a,
          kennysheep_generic_room_2, uniq_blork_the_orc

Skill      XL: |  1  2  3  4 |
---------------+-------------+-----
Maces & Flails | 3 |  3.5
Shields        | 4 |  4.3
Fighting       | 4 |  4.0
Dodging        | 1 |  1.3
Armour         | |  3.8

Action                   |  1- 3 |  4- 6 || total
-------------------------+-------+-------++-------
Melee: Flail             |   114 |   124 ||   238
  Use: Scroll            |     3 |       ||     3
  Eat: Ration            |     1 |     1 ||     2
Armor: Scale mail        |    87 |       ||    87
       Ring mail         |    12 |    65 ||    77
Dodge: Dodged            |    49 |    49 ||    98
Block: Shield            |    83 |    84 ||   167

Table legend:
 A = Non-vault XP
 B = Vault XP
 C = Vault XP percentage of total XP
 D = Non-vault monster count
 E = Vault monster count
 F = Vault count percentage of total count
                 A         B        C        D         E       F
            +---------+---------+-------+---------+---------+-------
      Total |     129 |      54 |  29.5 |      44 |      10 |  18.5
            +---------+---------+-------+---------+---------+-------
        D:1 |      45 |       4 |   8.2 |      24 |       3 |  11.1
        D:2 |      46 |      50 |  52.1 |      13 |       7 |  35.0
        D:3 |      38 |       0 |   0.0 |       7 |       0 |   0.0
            +---------+---------+-------+---------+---------+-------
